AoeStats
← Dorotheos Monomachos

Arabia

509401165Analyzed
1v1 RM · 6d ago on Sep 26, 2026· 113m 19s· 2 players
Game mode
Random Map
Map size
Tiny (2 player)
Population
200
Speed
Normal
Resources
Standard
Victory
Conquest
Starting age
Dark Age
Ending age
Imperial Age
RankedLock teamsTeams togetherTeam positionsShared explorationLock speedFull tech treeHidden civsTurbo modeCheats
Victory
Defeat
🇨🇳 Spanish · China
1109
+16
🇬🇷 Berbers · Greece
1112
-16
1017152139
3:59 Loom
10:16 Feudal Age
11:10 Double-Bit Axe
19:29 Fletching
19:39 Stone Mining
23:53 Castle Age
22:59 Padded Archer Armor
25:14 Wheelbarrow
32:13 Herbal Medicine
36:28 Bloodlines
36:19 Husbandry
36:36 Gold Mining
40:17 Hand Cart
47:39 Leather Archer Armor
47:13 Horse Collar
47:45 Town Watch
53:59 Imperial Age
58:03 Conscription
57:06 Elite Conquistador
63:40 Cavalier
63:44 Light Cavalry
64:54 Heavy Plow
65:46 Forging
65:42 Scale Barding Armor
66:43 Conscription
69:34 Chain Barding Armor
69:49 Iron Casting
71:16 Bow Saw
72:19 Hussar
77:55 Pikeman
78:35 Squires
78:21 Gambesons
93:45 Plate Barding Armor
94:11 Blast Furnace
93:56 Hoardings
93:44 Halberdier
102:05 Scale Mail Armor
105:10 Chain Mail Armor
106:05 Two-Man Saw
Dorotheos Monomachos
7:51 Loom
10:15 Feudal Age
10:19 Man-at-Arms
10:56 Double-Bit Axe
14:40 Horse Collar
17:57 Wheelbarrow
20:34 Castle Age
19:04 Scale Barding Armor
20:05 Forging
20:26 Bloodlines
21:31 Gold Mining
22:13 Chain Barding Armor
23:17 Bow Saw
32:11 Gold Shaft Mining
32:57 Hand Cart
35:39 Imperial Age
36:55 Iron Casting
38:52 Husbandry
39:29 Cavalier
43:45 Chemistry
47:18 Light Cavalry
49:02 Plate Barding Armor
56:58 Fletching
58:44 Blast Furnace
58:34 Ballistics
59:22 Bodkin Arrow
60:17 Stone Mining
69:44 Stone Shaft Mining
81:05 Heavy Plow
86:15 Elite Skirmisher
87:02 Thumb Ring
87:34 Padded Archer Armor
87:35 Bracer
87:52 Heavy Scorpion
94:09 Crop Rotation
106:06 Squires
110:06 Scale Mail Armor
Connection lost

Rejoining the realm…

Still unreachable

The connection could not be restored.

Session expired

The server has moved on; the page needs a fresh start.